 Dungeon Crawl Stone Soup version 0.27-a0-543-gd81048afd2 (webtiles) character file.

Game seed: 1768571586191480706

272986 Grimdewalt the Warrior (level 20, -4/137 HPs)
             Began as a Gargoyle Fighter on Mar 7, 2021.
             Was the Champion of Okawaru.
             Killed from afar by a starcursed mass (11 damage)
             ... with an accursed screaming
             ... on level 2 of the Abyss.
             The game lasted 02:12:36 (45380 turns).

Grimdewalt the Warrior (Gargoyle Fighter)          Turns: 45380, Time: 02:12:37

Health: -4/137     AC: 42    Str: 36    XL:     20   Next: 27%
Magic:  20/20      EV:  9    Int: -2 (7) God:    Okawaru [******]
Gold:   2043       SH: 35    Dex: 15    Spells: 19/19 levels left

rFire    + . .     SeeInvis .   m - +9 eveningstar (protect)
rCold    + . .     Faith    .   c - +10 tower shield of Ignorance {rN+ Int-4}
rNeg     + + +     Spirit   .   x - +0 pearl dragon scales
rPois    ∞         Reflect  .   A - +0 helmet
rElec    +         Harm     .   U - scarf {rC+ rF+}
rCorr    .         Rampage  .   a - +2 pair of gloves {Str+3}
Will     +....                  h - +1 pair of boots
Stlth    ..........             T - amulet of the acrobat
HPRegen  0.32/turn              W - +6 ring of strength
MPRegen  0.17/turn              t - +6 ring of dexterity

@: marked, flying, slowed, lost intelligence, studying Invocations, very slow
A: big wings, negative energy resistance 1, electricity resistance, torment
resistance 1, unbreathing 1, petrification resistance, AC +15
}: 2/15 runes: decaying, gossamer
a: Stop Flying, Renounce Religion, Heroism, Finesse


You were on level 2 of the Abyss.
You worshipped Okawaru.
Okawaru was exalted by your worship.
You visited 8 branches of the dungeon, and saw 34 of its levels.
You visited the Abyss 1 time.
You also visited: Bailey and Ice Cave.

You collected 4450 gold pieces.
You spent 2407 gold pieces at shops.

Inventory:

Hand Weapons
 b - the +9 hand axe "Umiokomp" {vorpal, rN+ Int+5}
   (You found it on level 4 of the Lair of Beasts)

   It inflicts extra damage upon your enemies.
   It affects your intelligence (+5).
   It protects you from negative energy.
 m - a +9 eveningstar of protection (weapon)
Missiles
 B - 4 silver boomerangs
 D - 62 poisoned darts (quivered)
 I - 6 boomerangs of dispersal
 M - 27 boomerangs
Armour
 a - a +2 pair of gloves of strength (worn)
 c - the +10 tower shield of Ignorance (worn) {rN+ Int-4}
   (You found it on level 2 of the Orcish Mines)

   It affects your intelligence (-4).
   It protects you from negative energy.
 h - a +1 pair of boots (worn)
 r - a +2 pair of boots of rampaging
 x - +0 pearl dragon scales (worn)
 A - a +0 helmet (worn)
 J - a +0 scale mail of fire resistance
 U - a scarf of resistance (worn)
Jewellery
 f - a ring of see invisible
 t - a +6 ring of dexterity (right hand)
 F - a ring of willpower
 S - a ring of protection from fire
 T - an amulet of the acrobat (around neck)
 W - a +6 ring of strength (left hand)
Wands
 z - a wand of paralysis (34)
 K - a wand of iceblast (36)
 L - a wand of polymorph (27)
 R - a wand of mindburst (23)
 V - a wand of digging (17)
 Z - a wand of acid (25)
Scrolls
 g - 10 scrolls of teleportation
 l - 2 scrolls of enchant weapon
 n - 2 scrolls of vulnerability
 o - 5 scrolls of magic mapping
 q - 6 scrolls of enchant armour
 s - 7 scrolls of blinking
 v - 8 scrolls of immolation
 y - a scroll of summoning
 H - 3 scrolls of fog
 N - 9 scrolls of identify {@r1}
 O - a scroll of holy word
 Q - a scroll of silence
 Y - 4 scrolls of fear
Potions
 d - a potion of might
 e - a potion of magic
 j - 5 potions of haste
 p - 7 potions of curing {@q1}
 u - 4 potions of mutation
 w - 3 potions of resistance
 C - 5 potions of lignification
 E - 4 potions of brilliance
 G - 2 potions of cancellation
 P - a potion of invisibility
 X - 4 potions of ambrosia


   Skills:
 + Level 18.4 Fighting
 + Level 17.0 Maces & Flails
 + Level 18.4 Armour
 + Level 18.4 Shields


You had 19 spell levels left.
You didn't know any spells.
Your spell library contained the following spells:

 Spells                   Type           Power      Damage    Failure   Level
 Corona                   Hex            0%         N/A       95%         1
 Sandblast                Erth           0%         2d4       95%         1
 Shock                    Conj/Air       0%         1d3       95%         1
 Ensorcelled Hibernation  Hex/Ice        0%         N/A       99%         2
 Passwall                 Tmut/Erth      0%         N/A       99%         2
 Slow                     Hex            0%         N/A       99%         2
 Swiftness                Air            0%         N/A       99%         2
 Confusing Touch          Hex            0%         N/A       100%        3
 Dazzling Flash           Conj/Hex       0%         N/A       100%        3
 Ignite Poison            Fire/Tmut/Pois 0%         N/A       100%        3
 Inner Flame              Hex/Fire       0%         N/A       100%        3
 Portal Projectile        Hex/Tloc       0%         N/A       100%        3
 Spider Form              Tmut/Pois      0%         N/A       100%        3
 Static Discharge         Conj/Air       0%         N/A       100%        3
 Stone Arrow              Conj/Erth      0%         3d7       100%        3
 Tukima's Dance           Hex            0%         N/A       100%        3
 Airstrike                Air            0%         N/A       100%        4
 Cause Fear               Hex            0%         N/A       100%        4
 Leda's Liquefaction      Hex/Erth       0%         N/A       100%        4
 Olgreb's Toxic Radiance  Pois           0%         N/A       100%        4
 Petrify                  Tmut/Erth      0%         N/A       100%        4
 Lee's Rapid Deconstruct  Erth           0%         3d5*      100%        5
 Lightning Bolt           Conj/Air       0%         1d11      100%        5
 Conjure Ball Lightning   Conj/Air       0%         3x3d6     100%        6


Dungeon Overview and Level Annotations

Branches:
Dungeon (15/15)            Temple (1/1) D:5            Lair (6/6) D:11
  Swamp (4/4) Lair:3       Spider (4/4) Lair:2        Slime (0/5) Lair:6
    Orc (2/2) D:10            Elf (1/3) Orc:2        Vaults (1/5) D:13
 Depths (0/5) D:15         Bailey (visited)           IceCv (visited)

Altars:
Ashenzari
Cheibriados
Dithmenos
Elyvilon
Fedhas
Gozag
Hepliaklqana
Kikubaaqudgha
Makhleb
Nemelex Xobeh
Okawaru
Qazlal
Ru
Sif Muna
Trog
Uskayaw
Vehumet
Wu Jian
Xom
Yredelemnul
Zin
The Shining One
Beogh
Jiyva

Shops:
D:15 (*=([   Orc:2 ?*[:

Portals:
Pandemonium: Orc:2

Annotations:
D:5 Pikel
D:6 3 runed translucent doors, MiFiHotspot's ghost, novice MiFi
D:7 Maggie
D:9 Gastronok
Lair:5 3 runed translucent doors, Berchol's ghost, journeyman DgCj
Lair:6 4 runed translucent doors, Zander's ghost, journeyman GrEE


Innate Abilities, Weirdness & Mutations

Your stone body is resilient. (AC +15)
You are immune to poison.
Your large and strong wings let you fly indefinitely.
You resist negative energy. (rN+)
You are resistant to electric shocks. (rElec)
You are resistance to unholy torment.
You can survive without breathing.
You are immune to petrification.


Message History

You block the starcursed mass's attack.
The starcursed mass engulfs you but does no damage.
The starcursed mass engulfs you.
* * * LOW HITPOINT WARNING * * *
Okay, then.
You almost manage to decipher the scroll, but fail in this attempt.
The thrashing horror roars!
You block the thrashing horror's attack. x4
The thrashing horror tramples you but does no damage. x2
The starcursed mass engulfs you but does no damage. x2
A deafening chorus of shrieks assaults your mind!
* * * LOW HITPOINT WARNING * * *
You shrug off the repeated paralysis!
You block the starcursed mass's attack.
You block the thrashing horror's attack.
The thrashing horror tramples you but does no damage.
The starcursed mass barely misses you. You block the starcursed mass's attack.
A large abomination comes into view.
You almost manage to decipher the scroll, but fail in this attempt.
You block the thrashing horror's attack. x3
The thrashing horror tramples you but does no damage.
The thrashing horror completely misses you.
The thrashing horror tramples you but does no damage.
The starcursed mass engulfs you but does no damage. x3
You block the starcursed mass's attack.
You block the thrashing horror's attack.
The thrashing horror tramples you but does no damage.
You feel better.
The thrashing horror roars!
The thrashing horror tramples you but does no damage.
You block the thrashing horror's attack. x3
The starcursed mass engulfs you but does no damage.
A deafening chorus of shrieks assaults your mind!
* * * LOW HITPOINT WARNING * * *
The starcursed mass engulfs you but does no damage.
You block the starcursed mass's attack.
The thrashing horror tramples you but does no damage. x2
You block the starcursed mass's attack. The starcursed mass engulfs you!
* * * LOW HITPOINT WARNING * * *
The starcursed mass engulfs you but does no damage.
You block the starcursed mass's attack.
You almost manage to decipher the scroll, but fail in this attempt.
The thrashing horror roars!
You block the thrashing horror's attack. x3
The thrashing horror closely misses you.
You block the thrashing horror's attack. x2
The starcursed mass engulfs you but does no damage. x2
The thrashing horror closely misses you.
You block the thrashing horror's attack.
A deafening chorus of shrieks assaults your mind!
You die...

..#..... . #.#. .
.. ...#..#. ..#
#...... . 8. . .
.#... . # ..
'...8.. # . . ###
...8.. . ...
#..... ..
..##.#####. . ...
.....XX@X#..
###.#
..X..5XXXx......
#
.#.....X.......§
#
##.#.....#.......
##......#.......
#.......#.......
##.....### ....
##...## #.#.#
.... ..##


You could see 6 starcursed masses, a thrashing horror, a large abomination, a
small abomination and a quasit.

Vanquished Creatures
  A bone dragon (Swamp:4)
  A fenstrider witch (Swamp:3)
  A vault warden (Vaults:1)
  A ghost moth (Spider:4)
  10 emperor scorpions
  3 ghouls (Swamp:3)
  An ironheart preserver (Vaults:1)
  Nessos (D:12)
  3 bunyips
  5 entropy weavers
  4 eleionomae
  Snorg (D:12)
  A yaktaur captain (Vaults:1)
  3 shambling mangroves
  Josephine (Swamp:1)
  2 rakshasas
  2 ice dragons (D:15)
  Fannar (Lair:2)
  17 hydras
  3 ghost crabs (Swamp:4)
  4 two-headed ogres
  3 boulder beetles
  4 catoblepae
  An ogre mage (Vaults:1)
  9 centaur warriors
  Erica (D:8)
  10 alligators
  12 death yaks
  A queen ant (Lair:6)
  3 dancing weapons (Elf:1)
  5 orc high priests (Orc:2)
  Nergalle (D:12)
  3 deep elf knights
  A soul eater (Orc:2)
  A sun demon (Orc:2)
  A skeletal warrior (D:11)
  2 spectral hydras (Swamp:4)
  3 goliath frogs
  4 spriggan druids
  3 gelid demonspawn (Orc:2)
  4 orange crystal statues (Orc:2)
  A death drake (Swamp:4)
  3 unseen horrors
  A wizard (D:13)
  8 bog bodies
  8 swamp dragons
  A phantasmal warrior (Swamp:4)
  5 orc knights
  2 deep elf archers
  2 ironbrand convokers (Vaults:1)
  2 lindwurms (Lair:4)
  4 harpies (Vaults:1)
  4 deep elf pyromancers
  4 deep elf zephyrmancers (Elf:1)
  9 orc sorcerers
  27 wolf spiders
  11 ugly things
  7 will-o-the-wisps
  16 orb spiders
  3 cyclopes
  8 elephants
  4 slime creatures (D:14)
  3 manticores
  2 moths of wrath
  Joseph (D:8)
  2 rust devils (Orc:2)
  Maurice (Orc:2)
  A centaur zombie (D:14)
  7 black mambas
  2 vault sentinels (Vaults:1)
  3 torpor snails
  2 ice statues (IceCv)
  2 gargoyles
  7 centaur skeletons
  A kobold demonologist (D:15)
  17 cane toads
  Psyche (D:10)
  8 komodo dragons
  2 efreet
  3 yaktaurs (D:15)
  5 swamp worm zombies (Swamp:4)
  2 freezing wraiths
  A rime drake (shapeshifter) (D:13)
  2 ice devils
  4 rime drakes
  14 demonic crawlers
  2 polar bears
  2 hydra zombies (Swamp:4)
  14 hornets
  31 jumping spiders
  8 trolls
  A queen bee (shapeshifter) (D:15)
  5 tyrant leeches
  4 alligator zombies (Swamp:4)
  22 blink frogs
  7 dream sheep (Lair:5)
  2 spectral swamp dragons (Swamp:4)
  A shadow (D:12)
  56 redbacks
  9 spriggans
  25 tarantellas
  4 vampires
  A ynoxinul (Orc:2)
  A human (shapeshifter) (D:15)
  9 wraiths
  4 wyverns
  2 basilisks
  66 yaks
  Eustachio (D:4)
  2 fire bats (Lair:5)
  2 fire elementals (Elf:1)
  2 humans (D:8)
  8 vampire mosquitoes
  2 wargs (Orc:1)
  8 water moccasins
  7 soldier ants
  An acid dragon (D:14)
  12 swamp worms
  Duvessa (D:5)
  40 orc warriors
  2 eyes of draining
  2 sky beasts
  A hornet zombie (D:15)
  3 ice beasts
  3 necrophages
  4 swamp drakes
  2 starcursed masses (Abyss:2)
  6 black bears
  5 swamp dragon zombies (Swamp:4)
  33 centaurs
  14 ogres
  7 wolves (Lair:2)
  5 phantoms
  A lemure (D:4)
  4 kobold brigands
  19 bullfrogs
  Dowan (D:5)
  A gnoll sergeant (D:13)
  6 scorpions
  5 killer bees (D:9)
  46 wights
  A howler monkey (D:6)
  3 electric eels
  A lava snake (Lair:5)
  2 bullfrog zombies
  2 jellies
  2 bullfrog skeletons
  10 hounds
  2 gnoll shamans
  26 orc priests
  6 iguanas
  20 orc wizards
  27 worker ants
  2 spectral swamp drakes (Swamp:4)
  2 hound zombies
  3 worker ant zombies
  Robin (D:4)
  18 gnolls
  11 adders
  A howler monkey skeleton (D:6)
  2 swamp drake zombies (Swamp:4)
  8 white imps
  10 ufetubi
  An adder zombie (D:5)
  2 dart slugs
  2 leopard geckos
  149 orcs
  2 giant cockroaches
  27 goblins
  14 hobgoblins
  10 jackals
  11 quokkas
  2 ball pythons (D:2)
  A ball python skeleton (D:5)
  6 bats
  4 frilled lizards
  A jackal skeleton (D:7)
  23 kobolds
  5 rats
  A butterfly (Lair:2)
1314 creatures vanquished.

Vanquished Creatures (others)
  A wizard (D:13)
  5 bloated husks
  A water elemental (Elf:1)
  3 phantoms (Swamp:4)
  An orc priest (Orc:2)
  A white imp (IceCv)
  2 ufetubi (IceCv)
  36 foxfires
  98 fungi
  191 plants
339 creatures vanquished.

Grand Total: 1653 creatures vanquished

Notes
Turn   | Place    | Note
-------+----------+-------------------------------------------
     0 | D:1      | Grimdewalt the Gargoyle Fighter began the quest for the
                  | Orb.
     0 | D:1      | Reached XP level 1. HP: 14/14 MP: 1/1
   217 | D:1      | Reached XP level 2. HP: 19/19 MP: 2/2
  1169 | D:1      | Reached XP level 3. HP: 23/23 MP: 3/3
  1341 | D:2      | Found a snail-covered altar of Cheibriados.
  1401 | D:2      | Reached XP level 4. HP: 29/29 MP: 4/4
  1832 | D:3      | Reached XP level 5. HP: 31/33 MP: 5/5
  2359 | D:3      | Reached XP level 6. HP: 39/39 MP: 6/6
  2572 | D:4      | Found a bloodstained altar of Trog.
  2572 | D:4      | Found a shimmering altar of Xom.
  2614 | D:4      | Noticed Eustachio
  2733 | D:4      | Killed Eustachio
  2811 | D:4      | Reached skill level 5 in Fighting
  2812 | D:4      | Reached skill level 5 in Armour
  2812 | D:4      | Reached skill level 5 in Shields
  2922 | D:4      | Reached XP level 7. HP: 44/44 MP: 7/7
  3084 | D:4      | Found a snail-covered altar of Cheibriados.
  3230 | D:4      | Found a glowing silver altar of Zin.
  3376 | D:4      | Noticed Robin
  3388 | D:4      | Killed Robin
  3613 | D:5      | Entered Level 5 of the Dungeon
  4070 | D:5      | Reached XP level 8. HP: 46/51 MP: 8/8
  4133 | D:5      | Found a staircase to the Ecumenical Temple.
  4184 | Temple   | Entered the Ecumenical Temple
  4510 | D:5      | Noticed Duvessa
  4510 | D:5      | Noticed Dowan
  4517 | D:5      | Killed Duvessa
  4518 | D:5      | Reached skill level 5 in Maces & Flails
  4524 | D:5      | Killed Dowan
  4619 | D:5      | Noticed Pikel
  5323 | D:6      | Found a runed translucent gate.
  5323 | D:6      | Found a runed translucent gate.
  5327 | D:6      | Found a runed translucent gate.
  5329 | D:6      | Noticed MiFiHotspot's ghost (novice MiFi)
  5565 | D:6      | Reached XP level 9. HP: 54/56 MP: 9/9
  6462 | D:7      | Noticed Maggie
  7170 | D:8      | Noticed Joseph
  7189 | D:8      | Killed Joseph
  7190 | D:8      | Reached XP level 10. HP: 45/65 MP: 10/10
  7431 | D:8      | Noticed Erica
  7460 | D:8      | Killed Erica
  7559 | D:8      | Found an iron altar of Okawaru.
  7573 | D:8      | Became a worshipper of Warmaster Okawaru
  8958 | D:9      | Killed an unseen horror
  8958 | D:9      | Reached * piety under Okawaru
  9043 | D:9      | Noticed Gastronok
  9671 | D:10     | Entered Level 10 of the Dungeon
  9883 | D:10     | Noticed Psyche
  9966 | D:10     | Reached ** piety under Okawaru
  9967 | D:10     | Reached XP level 11. HP: 65/71 MP: 11/11
 10319 | D:10     | Killed Psyche
 10647 | D:10     | Reached skill level 10 in Fighting
 10945 | D:10     | Noticed a cyclops
 10962 | D:10     | Killed a cyclops
 10963 | D:10     | Reached skill level 10 in Armour
 10963 | D:10     | Reached skill level 10 in Shields
 11018 | D:10     | Found a staircase to the Orcish Mines.
 11087 | D:11     | Reached *** piety under Okawaru
 11104 | D:11     | Found a flagged portal.
 11204 | Bailey   | Entered a bailey
 11583 | Bailey   | Noticed an orc knight
 11586 | Bailey   | Noticed an orc knight
 11841 | D:11     | Identified the +1 robe "Lalaot" {Harm Will++ Str-3 SInv}
 11853 | D:11     | Noticed a red ugly thing
 12026 | D:10     | Killed a red ugly thing
 12162 | D:11     | Found a staircase to the Lair.
 12249 | D:11     | Reached **** piety under Okawaru
 12270 | D:11     | Noticed a cyclops
 12597 | Lair:1   | Entered Level 1 of the Lair of Beasts
 12637 | Lair:1   | Received a gift from Okawaru
 12874 | Lair:1   | Noticed a four-headed hydra
 12891 | Lair:1   | Killed a four-headed hydra
 12892 | Lair:1   | Reached XP level 12. HP: 50/79 MP: 12/12
 12929 | Lair:1   | Reached ***** piety under Okawaru
 13681 | Lair:1   | Reached skill level 10 in Maces & Flails
 14141 | Lair:1   | You fall into a shaft and drop 1 floor!
 14189 | Lair:2   | Noticed a four-headed hydra
 14202 | Lair:2   | Killed a four-headed hydra
 14397 | Lair:2   | Received a gift from Okawaru
 14475 | Lair:2   | Found a frozen archway.
 14484 | IceCv    | Entered an ice cave
 15024 | Lair:2   | Noticed Fannar
 15037 | Lair:2   | Killed Fannar
 15566 | Lair:2   | Reached XP level 13. HP: 86/86 MP: 13/13
 15720 | Lair:2   | Found a hole to the Spider Nest.
 16274 | Lair:3   | Received a gift from Okawaru
 16586 | Lair:3   | Found a staircase to the Swamp.
 17705 | Lair:3   | Received a gift from Okawaru
 17996 | Lair:4   | Identified the +9 hand axe "Umiokomp" {vorpal, rN+ Int+5}
 18139 | Lair:4   | Reached ****** piety under Okawaru
 18952 | Lair:5   | Identified the Reference Book on Weightlessness and Toxins
 19106 | Lair:5   | Noticed Berchol's ghost (journeyman DgCj)
 19176 | Lair:5   | Received a gift from Okawaru
 19177 | Lair:5   | Gained mutation: Your large and strong wings let you fly
                  | indefinitely. [Gargoyle growth]
 19177 | Lair:5   | Reached XP level 14. HP: 94/94 MP: 14/14
 19252 | Lair:5   | Found a runed translucent gate.
 19252 | Lair:5   | Found a runed translucent gate.
 19252 | Lair:5   | Found a runed translucent gate.
 19807 | Lair:5   | Received a gift from Okawaru
 20169 | Lair:6   | Entered Level 6 of the Lair of Beasts
 20765 | Lair:6   | Noticed an entropy weaver
 20805 | Lair:6   | Killed an entropy weaver
 20947 | Lair:6   | Found a runed translucent gate.
 20950 | Lair:6   | Found a runed translucent gate.
 20950 | Lair:6   | Found a runed translucent gate.
 20952 | Lair:6   | Noticed Zander's ghost (journeyman GrEE)
 21034 | Lair:6   | Noticed an entropy weaver
 21050 | Lair:6   | Killed an entropy weaver
 21140 | Lair:6   | Found a runed translucent door.
 21140 | Lair:6   | Found a viscous altar of Jiyva.
 21141 | Lair:6   | Found a staircase to the Slime Pits.
 21141 | Lair:6   | Noticed an azure jelly
 21141 | Lair:6   | Noticed an azure jelly
 21253 | Lair:6   | Received a gift from Okawaru
 22148 | Lair:6   | Reached XP level 15. HP: 100/100 MP: 15/15
 22245 | Lair:6   | Received a gift from Okawaru
 23136 | D:11     | Paralysed by something for 3 turns
 23397 | Orc:1    | Entered Level 1 of the Orcish Mines
 23472 | Orc:2    | Entered Level 2 of the Orcish Mines
 23548 | Orc:2    | Noticed Maurice
 23703 | Orc:2    | Found a staircase to the Elven Halls.
 23804 | Orc:2    | Killed Maurice
 24044 | Orc:2    | Found a runed translucent door.
 24084 | Orc:2    | Found the +10 tower shield of Ignorance {rN+ Int-4}
 24320 | Orc:2    | Found a runed translucent door.
 25056 | Orc:2    | Found Veh Feih's General Store.
 25064 | Orc:2    | Found Obrabb's Magic Scroll Shop.
 26508 | Orc:2    | Reached skill level 15 in Fighting
 26671 | Orc:2    | Reached skill level 15 in Armour
 26678 | Orc:2    | Found Otsioli's Antique Armour Shoppe.
 26678 | Orc:2    | Found Kohoucotidgh's Book Emporium.
 26679 | Orc:2    | Found a one-way gate leading to the halls of Pandemonium.
 26687 | Orc:2    | Bought a pair of runed gloves for 217 gold pieces
 26687 | Orc:2    | Bought a pair of runed gloves for 217 gold pieces
 26740 | Orc:2    | Bought a potion of haste for 180 gold pieces
 26740 | Orc:2    | Bought a scroll of summoning for 171 gold pieces
 26743 | Orc:2    | Bought a scroll of acquirement for 884 gold pieces
 26743 | Orc:2    | Bought a scroll of teleportation for 51 gold pieces
 26743 | Orc:2    | Bought a scroll of blinking for 127 gold pieces
 26743 | Orc:2    | Bought a scroll of teleportation for 51 gold pieces
 26743 | Orc:2    | Bought a scroll of fear for 59 gold pieces
 26743 | Orc:2    | Bought a scroll of blinking for 127 gold pieces
 26864 | Orc:2    | Bought a scroll of identify for 34 gold pieces
 26864 | Orc:2    | Bought a scroll of identify for 34 gold pieces
 26864 | Orc:2    | Bought a scroll of identify for 34 gold pieces
 26864 | Orc:2    | Bought a scroll of identify for 34 gold pieces
 26873 | Orc:2    | Acquired 1006 gold pieces
 27087 | Spider:1 | Entered Level 1 of the Spider Nest
 27114 | Lair:2   | Reached skill level 15 in Shields
 27172 | Lair:3   | Received a gift from Okawaru
 27192 | Swamp:1  | Entered Level 1 of the Swamp
 27956 | D:12     | Noticed Nessos
 27976 | D:12     | Killed Nessos
 27977 | D:12     | Reached XP level 16. HP: 108/108 MP: 16/16
 27998 | D:12     | Noticed Snorg
 28013 | D:12     | Killed Snorg
 28765 | D:12     | Noticed Nergalle
 28780 | D:12     | Killed Nergalle
 29436 | D:13     | Found a gate to the Vaults.
 30143 | D:14     | Identified the +3 demon trident "Joybu" {freeze, *Noise
                  | +Fly rF+ Dex+6} (Okawaru gifted it to you on level 14 of
                  | the Dungeon)
 30143 | D:14     | Received a gift from Okawaru
 30708 | D:15     | Entered Level 15 of the Dungeon
 30712 | D:15     | Found Rimilo's Assorted Antiques.
 30725 | D:15     | Bought a scroll of blinking for 187 gold pieces
 30736 | D:15     | Found Kirch's Weapon Boutique.
 30811 | D:15     | Found Leaxzof's Antique Armour Shoppe.
 31095 | D:15     | Acquired a manual of Invocations
 31106 | D:15     | Found Ufoicaal's Antique Weapon Emporium.
 31118 | D:15     | Found Lipt's Jewellery Shop.
 31312 | D:15     | Received a gift from Okawaru
 31635 | D:15     | Found a staircase to the Depths.
 32935 | Spider:1 | Received a gift from Okawaru
 33162 | Spider:1 | Reached XP level 17. HP: 102/115 MP: 15/17
 33775 | Spider:1 | Reached skill level 15 in Maces & Flails
 35714 | Spider:3 | Received a gift from Okawaru
 36292 | Spider:4 | Entered Level 4 of the Spider Nest
 37289 | Spider:4 | Reached XP level 18. HP: 123/123 MP: 18/18
 37398 | Spider:4 | Received a gift from Okawaru
 38493 | Spider:4 | Reached XP level 19. HP: 125/128 MP: 1/19
 38616 | Spider:4 | Got a gossamer rune of Zot
 38930 | Lair:3   | Identified the +2 hat "Liyjel" {rElec Int+5} (Okawaru
                  | gifted it to you on level 3 of the Lair of Beasts)
 38930 | Lair:3   | Received a gift from Okawaru
 39591 | Swamp:1  | Noticed Josephine
 39602 | Swamp:1  | Killed Josephine
 40629 | Swamp:3  | Paralysed by a fenstrider witch for 4 turns
 41794 | Swamp:4  | Entered Level 4 of the Swamp
 41936 | Swamp:4  | Identified the +4 kite shield of Annee {rC- rCorr Str-3
                  | Int+6} (Okawaru gifted it to you on level 4 of the Swamp)
 41936 | Swamp:4  | Received a gift from Okawaru
 42874 | Swamp:4  | Noticed a bone dragon
 42893 | Swamp:4  | Killed a bone dragon
 42905 | Swamp:4  | Got a decaying rune of Zot
 43606 | Orc:2    | Lost intelligence.
 43880 | Elf:1    | Entered Level 1 of the Elven Halls
 44001 | Elf:1    | Reached XP level 20. HP: 65/136 MP: 20/20
 44592 | Orc:2    | Lost intelligence.
 44641 | Orc:2    | Paralysed by an orc sorcerer for 4 turns
 45076 | Vaults:1 | Entered Level 1 of the Vaults
 45123 | Vaults:1 | Received a gift from Okawaru
 45158 | Vaults:1 | Paralysed by something for 2 turns
 45351 | Vaults:1 | Cast into level 2 of the Abyss (a wizard)
 45365 | Abyss:2  | Paralysed by accursed screaming for 1 turns
 45369 | Abyss:2  | Paralysed by accursed screaming for 1 turns
 45374 | Abyss:2  | Paralysed by accursed screaming for 1 turns
 45380 | Abyss:2  | Killed from afar by a starcursed mass

Illustrated notes

Levels and vault maps discovered:
D:1:      elethiomel_arrival_quiet, layout_basic, chequers_serial_rivers_small_a
D:2:      layout_rooms, grunt_decor_clamped, cheibriados_altar_1
D:3:      layout_basic
D:4:      kennysheep_goblin_castle, layout_basic,
          nicolae_overflow_hidden_temple, gammafunk_temple_overflow_wave,
          uniq_eustachio
D:5:      corexii_shack_village, layout_gridville,
          minmay_temple_entry_antechambers, uniq_duvessa, uniq_pikel
D:6:      layout_basic, ebering_ghost_rock_garden, minmay_misc_feat_rows,
          st_stairs_12
D:7:      layout_loops_ring, uniq_maggie
D:8:      layout_loops_ring, okawaru_humans, special_room [special_room_orc],
          uniq_erica, uniq_joseph
D:9:      layout_gridville, uniq_gastronok
D:10:     layout_basic, hiddenorc1_lemuel, uniq_psyche
D:11:     layout_rooms, due_lair_maze_entry_diamond, enter_bailey_5,
          wad_mini_maze
D:12:     layout_gridville, uniq_nergalle, uniq_snorg, uniq_nessos
D:13:     layout_basic, david_vaults_1
D:14:     layout_roguey, eino_curves_03, kennysheep_cross_bottleneck
D:15:     grunt_enter_depths_hoard, layout_irregular_city, serial_shops,
          nicolae_shop_waterfront, shop, shop, nicolae_shop_behind_doors,
          nicolae_shop_statue_plus
Temple:   eino_temple_scatter_basement
Lair:1:   layout_chaotic_city, serial_forest, infiniplex_forest_straight_1,
          infiniplex_forest_clump_small, infiniplex_forest_clump_double,
          infiniplex_forest_clump_large, infiniplex_forest_end_2,
          grunt_megastairs_2
Lair:2:   layout_loops_ring, spider_nest_entry_funnel_web,
          portal_ice_cave_entry_pillars_1, beast_lair_carwin_5,
          lemuel_fruit_fields, uniq_fannar
Lair:3:   layout_chaotic_city, minmay_swamp_entry_eels, grunt_megastairs_3,
          infiniplex_staircase_pool_2, lemuel_fruit_fields
Lair:4:   nzn_winding_woodlands_medium [nzn_winding_woodlands_5x5_default,
          nzn_winding_woodlands_5x15_river_crossing,
          nzn_winding_woodlands_5x5_checkerboard,
          nzn_winding_woodlands_5x5_cross, nzn_winding_woodlands_center_lodge,
          nzn_winding_woodlands_5x5_open_star,
          nzn_winding_woodlands_5x5_closed_star,
          nzn_winding_woodlands_5x15_split_checker,
          nzn_winding_woodlands_5x5_default], layout_hall_layers,
          nicolae_volcano_entry_vermiform, st_stairs_12,
          chequers_serial_rivers_small_a, serial_bayou_shore_a
Lair:5:   layout_gridlike, gammafunk_ghost_split,
          grunt_forest_large_clearing_hut, lemuel_fruit_fields,
          serial_bayou_shore_b, lemuel_fruit_fields
Lair:6:   evilmike_catoblepas_cave, layout_layer_cave, slime_altar_2,
          ebering_ghost_rock_garden, minmay_another_anthill, lemuel_fruit_tree
Swamp:1:  layout_basic_swamp, nicolae_swamp_fairy_circle, uniq_josephine
Swamp:2:  layout_falls_marsh, hangedman_swamp_pad, swamp_pool5
Swamp:3:  layout_basic_swamp, nicolae_swamp_triple_paths
Swamp:4:  swamp_pestilence, layout_basic_swamp, swamp_pool5,
          nicolae_swamp_round_clearing, nzn_swamp_dancing_lights,
          infiniplex_staircase_pool
Spider:1: layout_chambers
Spider:2: layout_spider_delve
Spider:3: layout_chambers
Spider:4: grunt_spider_rune_circles
Orc:1:    layout_diamond_mine
Orc:2:    pf_orc_diabolical, layout_caves, chequers_guarded_unrand_ignorance,
          uniq_maurice
Elf:1:    minmay_the_grid_square_5x5_5x5_mashed
          [minmay_the_grid_square_5x5_hourglass,
          minmay_the_grid_square_5x5_eight_small,
          minmay_the_grid_square_5x5_inset,
          minmay_the_grid_square_5x5_three_small,
          minmay_the_grid_square_5x5_corner,
          minmay_the_grid_square_5x5_pentomino_r,
          minmay_the_grid_square_5x5_prize_deathbox,
          minmay_the_grid_square_5x5_shuriken,
          minmay_the_grid_square_5x5_prize_pseudospiral,
          minmay_the_grid_square_5x5_inverted_slash,
          minmay_the_grid_square_5x5_spiral, minmay_the_grid_square_5x5_two,
          minmay_the_grid_square_5x5_prize_rear_guard,
          minmay_the_grid_square_5x5_bracketed, minmay_the_grid_square_5x5_bite,
          minmay_the_grid_square_5x5_fat_x,
          minmay_the_grid_square_5x5_prize_junk,
          minmay_the_grid_square_5x5_trominoes,
          minmay_the_grid_square_5x5_prize_gold, minmay_the_grid_square_5x5_c,
          minmay_the_grid_square_5x5_n_small,
          minmay_the_grid_square_5x5_inner_z,
          minmay_the_grid_square_5x5_tri_point,
          minmay_the_grid_square_5x5_spiral_small,
          minmay_the_grid_square_5x5_half_checkered], layout_loops_corners,
          minmay_elf_sorcery, uniq_agnes
Vaults:1: hangedman_vaults_variations, hangedman_vaults_slice,
          ontoclasm_vaults_gallery, vaults_standard_mumra_lines, v_rooms_2,
          vaults_room_fancy_cross, nicolae_vaults_big_ls, v_misc_2, v_misc_15,
          nicolae_vaults_circle_grid_a, v_misc_23, ontoclasm_vaults_ring_small,
          layout_vaults_maze, serial_shops, bzr_entry_gold
Abyss:2:  base:
Temple

Skill      XL: |  1  2  3  4  5  6  7  8  9 10 11 12 13 14 15 16 17 18 19 20 |
---------------+-------------------------------------------------------------+-----
Fighting       | 4 5 6 8 9 10 12 13 14 15 16 17 18 | 18.4
Armour         | 4 5 6 8 9 10 12 13 14 15 16 17 18 | 18.4
Shields        | 4 5 6 8 9 10 12 13 14 15 16 17 18 | 18.4
Maces & Flails | 3 4 5 7 8 9 10 12 13 14 15 16 17 | 17.0

Action                   |  1- 3 |  4- 6 |  7- 9 | 10-12 | 13-15 | 16-18 | 19-21 || total
-------------------------+-------+-------+-------+-------+-------+-------+-------++-------
Melee: Flail             |    83 |   116 |       |       |       |       |       ||   199
       War axe           |       |    13 |   352 |   172 |       |       |       ||   537
       Morningstar       |       |       |       |   571 |    37 |       |       ||   608
       Eveningstar       |       |       |       |       |  1169 |  1229 |   938 ||  3336
       Hand axe          |       |       |       |       |   189 |       |       ||   189
Throw: Dart              |       |       |       |     3 |       |    25 |       ||    28
Invok: Heroism           |       |       |       |     4 |     5 |     2 |     3 ||    14
       Finesse           |       |       |       |       |     3 |     1 |       ||     4
 Abil: Fly               |       |       |       |       |       |       |     1 ||     1
Evoke: Wand              |       |       |       |     2 |       |       |       ||     2
  Use: Potion            |       |       |     5 |     2 |     3 |     6 |     9 ||    25
       Scroll            |       |       |     1 |    12 |    14 |    12 |     4 ||    43
Armor: Scale mail        |    82 |    99 |   201 |   452 |   172 |       |       ||  1006
       Pearl dragon scal |       |       |       |       |   429 |   911 |   747 ||  2087
       Acid dragon scale |       |       |       |       |       |    44 |       ||    44
Dodge: Dodged            |    39 |    48 |    98 |   226 |   349 |   609 |   376 ||  1745
Block: Kite shield       |    60 |    75 |   204 |   498 |   809 |  1078 |   637 ||  3361
       Tower shield      |       |       |       |       |       |       |   307 ||   307

Table legend: (Time is in decaauts)
 A = Elapsed time spent in this place.
 B = Non-inter-level travel time spent in this place.
 C = Inter-level travel time spent in this place.
 D = Time resting spent in this place.
 E = Time spent auto-exploring this place.
 F = Levels seen in this place.
 G = Mean time per level.
                   A        B        C        D        E       F      G
               +--------+--------+--------+--------+--------+-----+--------+
         Total |  45983 |  38564 |   7419 |   5266 |  22571 |  37 | 1242.8 |
       Dungeon |  17870 |  16140 |   1730 |   1031 |  10799 |  15 | 1191.3 |
        Temple |    182 |    167 |     15 |      0 |    166 |   1 |  182.0 |
          Lair |  11185 |   8608 |   2577 |   1776 |   4566 |   6 | 1864.2 |
         Swamp |   3960 |   3186 |    774 |    268 |   2021 |   4 |  990.0 |
   Spider Nest |   6004 |   5089 |    915 |    884 |   3003 |   4 | 1501.0 |
  Orcish Mines |   4930 |   3660 |   1270 |   1152 |   1274 |   2 | 2465.0 |
   Elven Halls |    692 |    608 |     84 |     56 |    379 |   1 |  692.0 |
        Vaults |    382 |    330 |     52 |      0 |    132 |   1 |  382.0 |
         Abyss |     40 |     40 |      0 |      0 |      0 |   1 |   40.0 |
        Bailey |    419 |    419 |      0 |     98 |     42 |   1 |  419.0 |
      Ice Cave |    315 |    315 |      0 |      0 |    187 |   1 |  315.0 |
               +--------+--------+--------+--------+--------+-----+--------+

Top non-repeatable levels by time:
   Orc:2: 3591 daAuts
Spider:3: 2267 daAuts
  Lair:3: 2242 daAuts
     D:8: 2051 daAuts
  Lair:2: 2009 daAuts
    D:10: 1933 daAuts
  Lair:1: 1836 daAuts
  Lair:4: 1766 daAuts
  Lair:6: 1745 daAuts
    D:11: 1687 daAuts
  Lair:5: 1584 daAuts
     D:5: 1510 daAuts
    D:12: 1508 daAuts
Spider:1: 1483 daAuts
Spider:4: 1365 daAuts
